 Dungeon Crawl Stone Soup version 0.25.0-46-gbd7b0854d2 (webtiles) character file.

Game seed: 5080293273996459190

108 ANON1729 the Magician (level 4, -2/39 HPs)
             Began as a Troll Wizard on July 13, 2020.
             Slain by a centaur (3 damage)
             ... on level 3 of the Dungeon.
             The game lasted 00:03:24 (1547 turns).

ANON1729 the Magician (Troll Wizard)                Turns: 1547, Time: 00:03:24

Health: -2/39      AC:  6    Str: 15    XL:     4   Next: 58%
Magic:  6/7        EV:  9    Int: 15    God:
Gold:   97         SH:  0    Dex:  8    Spells: 7/8 levels left

rFire    . . .     SeeInvis .   (no weapon)
rCold    . . .     Gourm    +   (no shield)
rNeg     . . .     Faith    .   a - +0 robe
rPois    .         Spirit   .   b - +0 hat
rElec    .         Reflect  .   (no cloak)
rCorr    .         Harm     .   (gloves unavailable)
MR       .....                  (boots unavailable)
Stlth    +.........             i - amulet of the acrobat
HPRegen  0.53/turn              (no ring)
MPRegen  0.10/turn              (no ring)

@: no status effects
A: large, unfitting armour, claws 3, fast metabolism 3, gourmand, regeneration
1, shaggy fur 1, tough skin 3
a: no special abilities


You were on level 3 of the Dungeon.
You were very full.

You visited 1 branch of the dungeon, and saw 3 of its levels.

You collected 97 gold pieces.

Inventory:

Armour
 a - a +0 robe (worn)
 b - a +0 hat (worn)
Jewellery
 i - an amulet of the acrobat (around neck)
Scrolls
 c - 2 scrolls of remove curse {unknown}
 e - 2 scrolls of random uselessness {unknown}
 f - 3 scrolls of fear {unknown}
 g - a scroll of enchant weapon {unknown}
 k - 2 scrolls of fog {unknown}
 n - a scroll of immolation {unknown}
 p - 2 scrolls of identify {unknown}
Potions
 h - a potion of invisibility {unknown}
 j - a potion of curing {unknown}
 l - a potion of brilliance {unknown}
 m - a potion of might {unknown}
 o - 3 potions of degeneration {unknown}
Comestibles
 d - 5 rations


   Skills:
 - Level 1.5 Dodging
 - Level 1.0 Stealth
 * Level 2.8 Spellcasting
 * Level 2.3 Conjurations
   Level 0.6 Summonings
   Level 0.6 Translocations


You had 7 spell levels left.
You knew the following spells:

 Your Spells              Type           Power        Failure   Level  Hunger
a - Magic Dart            Conj           #...         8%          1    #......

Your spell library contained the following spells:

 Spells                   Type           Power        Failure   Level  Hunger
 Apportation              Tloc           #.....       16%         1    #......
 Summon Small Mammal      Summ           #...         16%         1    #......
 Animate Skeleton         Necr           N/A          21%         1    #......
 Corona                   Hex            #......      21%         1    #......
 Blink                    Tloc           N/A          24%         2    ##.....
 Call Imp                 Summ           #.......     24%         2    ##.....
 Slow                     Hex            #.......     30%         2    ##.....
 Conjure Flame            Conj/Fire      #.......     36%         3    ###....
 Mephitic Cloud           Conj/Pois/Air  #.......     41%         3    ###....


Dungeon Overview and Level Annotations

Branches:
Dungeon (3/15)

Altars:

Annotations:
D:3 2 transporters, sinusoid's ghost, weakling SpEn


Innate Abilities, Weirdness & Mutations

You are too large for most types of armour.
You have claws for hands.
Your metabolism is lightning-fast.
You like to eat raw meat.
Your natural rate of healing is unusually fast.
You are covered in fur. (AC +1)
You have extremely tough skin. (AC +3)


Message History

You scratch the centaur but do no damage.
The centaur is severely wounded.
The centaur hits you but does no damage.
The bat hits you but does no damage. The centaur hits you.
* * * LOW HITPOINT WARNING * * *
You scratch the centaur.
The centaur is severely wounded.
The bat barely misses you. The centaur hits you.
* * * LOW HITPOINT WARNING * * *
Casting: Magic Dart (safe; 8% risk of failure)
Confirm with . or Enter, or press ? or * to list all spells.
Aiming: Magic Dart (safe; 8% risk of failure)
Press: ? - help, Shift-Dir - straight line, f - centaur
Aim: a centaur, quivering 14 arrows (severely wounded)
The magic dart hits the centaur but does no damage.
The centaur is severely wounded.
The centaur hits you.
* * * LOW HITPOINT WARNING * * *
The bat hits you but does no damage. The centaur hits you.
You die...

#.#...... #.#......
#.#......
#####........
........<.. #......
#..b.##########
#.c@(...........
#...##..(........
#...##..............
#...##..............
#...##..............
#...##..............
#...##..............
######..............
#..............


You could see a centaur and a bat.

Vanquished Creatures
  A scorpion (D:3)
  An orc wizard (D:3)
  A dart slug (D:1)
  A leopard gecko (D:3)
  3 orcs (D:3)
  A ball python (D:2)
  5 bats
  A giant cockroach (D:1)
  A goblin (D:3)
  4 hobgoblins
  2 kobolds (D:3)
  A quokka (D:3)
  3 frilled lizards
  2 rats
27 creatures vanquished.

Notes
Turn   | Place    | Note
-------+----------+-------------------------------------------
     0 | D:1      | ANON1729 the Troll Wizard began the quest for the Orb.
     0 | D:1      | Reached XP level 1. HP: 16/16 MP: 2/2
   336 | D:1      | Reached skill level 1 in Conjurations
   428 | D:1      | Reached XP level 2. HP: 24/24 MP: 4/4
   621 | D:2      | Found a faded altar of an unknown god.
  1138 | D:3      | Noticed a scorpion
  1165 | D:3      | Killed a scorpion
  1165 | D:3      | Reached XP level 3. HP: 14/31 MP: 0/5
  1165 | D:3      | Reached XP level 4. HP: 18/39 MP: 0/6
  1253 | D:3      | Found a transporter.
  1255 | D:3      | Noticed sinusoid's ghost (weakling SpEn)
  1300 | D:3      | Found a transporter.
  1529 | D:3      | Noticed a centaur
  1547 | D:3      | HP: 1/39 [centaur (4)]
  1547 | D:3      | Slain by a centaur

Illustrated notes

Levels and vault maps discovered:
D:1:      dpeg_arrival_stone_temple_mockup, layout_rooms,
          kennysheep_pointless_box
D:2:      layout_loops_ring, chequers_ecumenical_altar_simple_redux
D:3:      layout_basic, gammafunk_ghost_stat_death

Skill      XL: |  1  2 |
---------------+-------+-----
Conjurations   | 1 2 |  2.3
Dodging        | |  1.5
Stealth        | |  1.0
Spellcasting   | |  2.8
Summonings     | |  0.6
Translocations | |  0.6

Action                   |  1- 3 |  4- 6 || total
-------------------------+-------+-------++-------
Melee: Unarmed           |    55 |    62 ||   117
 Cast: Magic Dart        |     9 |     7 ||    16
 Stab: Sleeping          |     2 |       ||     2
  Eat: Chunk             |    10 |     8 ||    18
Armor: Robe              |    21 |    30 ||    51
Dodge: Dodged            |    30 |    38 ||    68
